 Dungeon Crawl Stone Soup version 0.28-a0-511-gcc94558de3 (webtiles) character file.

Game seed: 247189964007094360

148 Squid the Chopper (level 5, -12/47 HPs)
             Began as a Hill Orc Berserker on Sept 21, 2021.
             Was a Believer of Trog.
             Engulfed by a cloud of flame (16 damage)
             ... on level 3 of the Dungeon.
             The game lasted 00:08:13 (3394 turns).

Squid the Chopper (Hill Orc Berserker)              Turns: 3394, Time: 00:08:14

Health: -12/47     AC:  4    Str: 21    XL:     5   Next: 30%
Magic:  5/5        EV: 12    Int:  7    God:    Trog [**....]
Gold:   143        SH:  0    Dex: 10    Spells: 4/4 levels left

rFire   . . .      SeeInvis .   f - +0 hand axe (protect)
rCold   . . .      Faith    .   (no shield)
rNeg    . . .      Spirit   .   b - +0 animal skin
rPois   .          Reflect  .   e - +0 helmet
rElec   .          Harm     .   (no cloak)
rCorr   .          Rampage  .   (no gloves)
Will    .....                   d - +0 pair of boots
Stlth   +.........              (no amulet)
HPRegen 0.15/turn               (no ring)
MPRegen 0.09/turn               (no ring)

@: no status effects
A: no striking features
a: Renounce Religion, Berserk, Trog's Hand


You were on level 3 of the Dungeon.
You worshipped Trog.
Trog was pleased with you.
You visited 1 branch of the dungeon, and saw 3 of its levels.

You collected 143 gold pieces.

Inventory:

Hand Weapons
 a - a +1 vampiric whip
 f - a +0 hand axe of protection (weapon)
Armour
 b - a +0 animal skin (worn)
 d - a +0 pair of boots (worn)
 e - a +0 helmet (worn)
Scrolls
 g - a scroll of immolation {unknown}
 h - a scroll of identify
Potions
 c - a potion of brilliance {unknown}


   Skills:
 + Level 4.9 Fighting
 - Level 0.4 Short Blades
 + Level 6.3 Axes
 + Level 2.6 Armour
 - Level 1.6 Dodging


You had 4 spell levels left.
You didn't know any spells.
Your spell library was empty.

Dungeon Overview and Level Annotations

Branches:
Dungeon (3/15)

Altars:
Ashenzari
Wu Jian


Message History

You feel sick.
You see here an adder corpse.
You feel sick.
You feel sick.
You feel sick.
You feel sick.
You are no longer poisoned.
Things that are here:
a ball python corpse; a hobgoblin corpse You see here an adder corpse.
g - a scroll labelled ZELETR WEDDUH You now have 143 gold pieces (gained 29).
Things that are here:
a +0 dagger; an orc corpse The ball python hisses angrily.
A ball python is nearby!
Found an escape hatch in the floor.
You hit the ball python.
Your weapon exudes an aura of protection.
You kill the ball python!
Trog accepts your kill.
There is an escape hatch in the floor here.
Found a hand axe and a scale mail.
There is an escape hatch in the floor here.
Found a war axe.
Really walk into a travel-excluded area?
Found 20 arrows.
Really walk into that cloud of flame? [Y]es or [N]o only, please.
Really walk into that cloud of flame?
Okay, then.
Really walk into that cloud of flame?
Okay, then.
You are engulfed in blazing flames.
You are engulfed in blazing flames.
Ouch! That really hurt!
* * * LOW HITPOINT WARNING * * *
h - a scroll of identify You are engulfed in blazing flames.
You die...

####...### ☼§.....§§ °).![.§
.).$. #...# #. ## #§°☼# .... #
#§§○# . . .. #§@§# #.#.#.##
####...## #....... #>......#
..(...# #.#####.# ##....#.#
#.#####.######## ......#.#
#..............#######
#.......####.#####.######.......#
#.#...# #..........# #.#####.#
......# #.......#### ##..##..##


There were no monsters in sight!

Vanquished Creatures
  Robin (D:3)
  5 adders
  2 worms
  3 dart slugs
  2 orcs (D:3)
  6 bats
  3 endoplasms
  3 giant cockroaches (D:1)
  17 goblins
  9 hobgoblins
  3 kobolds
  4 quokkas
  5 ball pythons
  3 frilled lizards
  5 rats
71 creatures vanquished.

Notes
Turn   | Place    | Note
-------+----------+-------------------------------------------
     0 | D:1      | Squid the Hill Orc Berserker began the quest for the Orb.
     0 | D:1      | Reached XP level 1. HP: 19/19 MP: 1/1
   107 | D:1      | Reached XP level 2. HP: 27/27 MP: 2/2
   587 | D:1      | Reached XP level 3. HP: 27/33 MP: 3/3
   795 | D:1      | Reached skill level 5 in Axes
  1727 | D:2      | Found a faded altar of an unknown god.
  1746 | D:2      | Reached ** piety under Trog
  1882 | D:2      | Found an ornate altar of the Wu Jian Council.
  1961 | D:2      | Reached XP level 4. HP: 37/41 MP: 4/4
  2324 | D:3      | Noticed Robin
  2338 | D:3      | Killed Robin
  2344 | D:3      | Reached skill level 6 in Axes
  2712 | D:3      | Reached XP level 5. HP: 16/47 MP: 5/5
  3048 | D:3      | Found a broken altar of Ashenzari.
  3394 | D:3      | Engulfed by a cloud of flame

Illustrated notes

Levels and vault maps discovered:
D:1:      saegor_arrival_miasma, layout_basic
D:2:      layout_basic, dreamdust_ecumenical_altar_statues, basic_altar
D:3:      layout_loops_cross, nicolae_ashenzari_skybound,
          minmay_misc_feat_four_crosses, st_stairs_5, lemuel_flame_loot_1,
          uniq_robin, uniq_crazy_yiuf_cottage

Skill      XL: |  1  2  3  4 |
---------------+-------------+-----
Fighting       | 4 |  4.9
Axes           | 5 6 |  6.3
Short Blades   | |  0.4
Armour         | |  2.6
Dodging        | |  1.6

Action                   |  1- 3 |  4- 6 || total
-------------------------+-------+-------++-------
Melee: Hand axe          |   103 |    92 ||   195
       Short sword       |       |    15 ||    15
       Whip              |       |    27 ||    27
Invok: Berserk           |     2 |     1 ||     3
       Trog's Hand       |       |     1 ||     1
  Use: Scroll            |     4 |     1 ||     5
Armor: Animal skin       |    27 |    51 ||    78
Dodge: Dodged            |    88 |    84 ||   172

Table legend: (Time is in decaauts)
 A = Elapsed time spent in this place.
 B = Non-inter-level travel time spent in this place.
 C = Inter-level travel time spent in this place.
 D = Time resting spent in this place.
 E = Time spent auto-exploring this place.
 F = Levels seen in this place.
 G = Mean time per level.
                   A        B        C        D        E       F      G
               +--------+--------+--------+--------+--------+-----+--------+
         Total |   3421 |   3372 |     49 |    863 |   1845 |   3 | 1140.3 |
       Dungeon |   3421 |   3372 |     49 |    863 |   1845 |   3 | 1140.3 |
               +--------+--------+--------+--------+--------+-----+--------+

Top non-repeatable levels by time:
     D:1: 1596 daAuts
     D:3: 1074 daAuts
     D:2: 749 daAuts
